 Dungeon Crawl Stone Soup version 0.16.1-2-g95b8d4c (webtiles) character file.

100 karlm the Chucker (level 4, -1/48 HPs)
             Began as an Ogre Hunter on Mar 25, 2015.
             Slain by an orc priest
             ... wielding a +0 short sword
              (4 damage)
             ... on level 2 of the Dungeon.
             The game lasted 00:07:54 (3446 turns).

karlm the Chucker (Ogre Hunter)                     Turns: 3446, Time: 00:07:55

Health: -1/48      AC:  3    Str: 18    XL:     4   Next: 73%
Magic:  4/4        EV: 10    Int: 10    God:
Gold:   103        SH:  0    Dex: 10    Spells: 0 memorised, 3 levels left

rFire  . . .     SeeInvis .     q - +0 mace
rCold  . . .     Clarity  .     d - +0 animal skin
rNeg   . . .     SustAb   .     (shield restricted)
rPois  .         Gourm    .     (helmet restricted)
rElec  .         Spirit   .     (no cloak)
rCorr  .         Warding  .     (gloves unavailable)
rMut   .         Stasis   .     (boots unavailable)
MR     .....                    (no amulet)
Stlth  +.........               (no ring)
                                (no ring)

@: not resistant to hostile enchantments, very unstealthy
A: unfitting armour, tough skin 1
a: no special abilities


You were on level 2 of the Dungeon.
You were hungry.

You visited 1 branch of the dungeon, and saw 3 of its levels.

You collected 103 gold pieces.

Inventory:

Hand weapons
 q - a +0 mace (weapon)
Missiles
 b - 4 large rocks
 c - 2 throwing nets
 p - 43 stones (quivered)
Armour
 d - a +0 animal skin (worn)
Jewellery
 e - an uncursed ring of poison resistance {unknown}
Scrolls
 g - a scroll of recharging {unknown}
 h - a scroll of blinking {unknown}
 j - a scroll of random uselessness {unknown}
 k - a scroll of amnesia {unknown}
 m - 2 scrolls of fog {unknown}
 n - 2 scrolls of identify {unknown}
 o - 2 scrolls of enchant weapon {unknown}
Potions
 a - 4 potions of curing {unknown}
 l - a potion of agility {unknown}
Books
 i - a book of Flames

   Spells                             Type                      Level
   a - Flame Tongue                   Conjuration/Fire             1
   b - Throw Flame                    Conjuration/Fire             2
   c - Conjure Flame                  Conjuration/Fire             3
   d - Inner Flame                    Hexes/Fire                   3
   e - Sticky Flame                   Conjuration/Fire             4
   f - Fireball                       Conjuration/Fire             5
Comestibles
 f - a meat ration
 r - a beef jerky


   Skills:
 + Level 3.7 Fighting
 * Level 3.1 Maces & Flails
 - Level 4.3 Throwing
 - Level 3.0 Dodging
 - Level 1.0 Stealth


You had 3 spell levels left.
You didn't know any spells.

Dungeon Overview and Level Annotations

Branches:
Dungeon (3/15)

Altars:
Qazlal


Innate Abilities, Weirdness & Mutations

You are too large for most types of armour.
You have tough skin (AC +1).


Message History

You hit the orc priest.
The orc priest is heavily wounded.
The orc priest hits you with a short sword!
* * * LOW HITPOINT WARNING * * *
The orc priest barely misses you.
You barely miss the orc priest.
The orc priest is heavily wounded.
The orc priest hits you with a short sword.
* * * LOW HITPOINT WARNING * * *
You closely miss the orc priest.
The orc priest is heavily wounded.
The orc priest misses you.
You hit the orc priest but do no damage.
The orc priest is heavily wounded.
The orc priest hits you with a short sword.
* * * LOW HITPOINT WARNING * * *
You hit the orc priest but do no damage.
The orc priest is heavily wounded.
The orc priest hits you with a short sword.
You die...

#...###...#.#
#.#.......#.#
#...###.....# #####
#.############ #.#
#......#
##########.#####.####.#
#........(.....#.# #.#
..#####..#...#.#.####.#
..# ###..#.)...)@..##.#
..###........#.#o#.##.#
......#........#.#.##.#
..######.....###.#.##.#
..######....## #......#
.........#.## ###.####
##########.# #....# #.#
####.# ##'## #.#


You could see an orc priest.

Vanquished Creatures
  2 adders (D:2)
  2 worms (D:1)
  3 giant geckos
  2 oozes
  An orc (D:2)
  4 ball pythons
  10 bats
  5 giant cockroaches (D:1)
  8 goblins
  4 hobgoblins
  7 jackals
  A quokka (D:2)
  2 giant newts (D:1)
  7 kobolds
  9 rats
67 creatures vanquished.

Notes
Turn   | Place    | Note
--------------------------------------------------------------
     0 | D:1      | karlm, the Ogre Hunter, began the quest for the Orb.
     0 | D:1      | Reached XP level 1. HP: 22/22 MP: 1/1
    30 | D:1      | Reached skill level 1 in Stealth
   217 | D:1      | Reached XP level 2. HP: 29/29 MP: 2/2
   891 | D:1      | Reached XP level 3. HP: 32/36 MP: 3/3
  1244 | D:1      | Reached skill level 1 in Maces & Flails
  2152 | D:1      | Reached XP level 4. HP: 24/45 MP: 4/4
  2703 | D:2      | Found a stormy altar of Qazlal.
  3446 | D:2      | Slain by an orc priest

Action                   |  1- 3 |  4- 6 || total
-------------------------+-------+-------++-------
Melee: Short sword       |     9 |       ||     9
       Club              |   209 |    42 ||   251
       Mace              |       |    47 ||    47
Throw: Large rock        |    12 |     4 ||    16
       Throwing net      |     1 |       ||     1
       Stone             |       |     7 ||     7
 Stab: Sleeping          |     1 |       ||     1
       Held in net/web   |     1 |       ||     1
  Eat: Chunk             |     4 |     4 ||     8
